AoeStats
← TaintyGuuch

Arabia

508030099Analyzed
4v4 RM · 12d ago on Sep 20, 2026· 55m 9s· 8 players
Game mode
Random Map
Map size
Large (8 player)
Population
200
Speed
Normal
Resources
Standard
Victory
Conquest
Starting age
Dark Age
Ending age
Imperial Age
RankedLock teamsTeams togetherTeam positionsShared explorationLock speedFull tech treeHidden civsTurbo modeCheats
Victory
Defeat
🇨🇴 Franks · Colombia
617
+12
🇷🇺 Burgundians · Russia
613
+12
593
+13
🇦🇷 Khmer · Argentina
450
+18
🇺🇸 Khmer · United States
568
-16
🇵🇰 Romans · Pakistan
518
-14
🇳🇱 Britons · Netherlands
508
-13
🇦🇩 Burgundians · Andorra
487
-12
TaintyGuuch
19:23 Feudal Age
22:22 Double-Bit Axe
22:22 Horse Collar
26:07 Castle Age
24:42 Gold Mining
24:44 Stone Mining
27:17 Castle Age
28:30 Wheelbarrow
30:29 Bow Saw
31:04 Gold Shaft Mining
31:05 Stone Shaft Mining
30:34 Heavy Plow
31:13 Hand Cart
30:48 Town Watch
30:49 Loom
32:54 Town Patrol
40:44 Imperial Age
42:04 Coinage
41:35 Caravan
44:48 Crop Rotation
45:35 Tusk Swords
45:56 Conscription
46:12 Hoardings
45:08 Sappers
45:39 Double Crossbow
45:01 Elite Ballista Elephant
49:22 Scale Barding Armor
49:28 Forging
49:19 Scale Mail Armor
49:19 Padded Archer Armor
49:10 Fletching
50:26 Chemistry
49:33 Siege Engineers
49:19 Guard Tower
49:40 Careening
49:26 Murder Holes
49:42 Clinker Construction
49:39 Siphons
49:54 Ballistics
49:25 Heated Shot
49:47 Masonry
49:48 Fortified Wall
50:28 Husbandry
50:40 Bloodlines
49:54 Elite Battle Elephant
51:07 Parthian Tactics
bart_arend
1:36 Loom
11:54 Feudal Age
12:43 Double-Bit Axe
13:41 Wheelbarrow
13:38 Horse Collar
17:12 Gold Mining
23:42 Castle Age
24:50 Padded Archer Armor
24:40 Fletching
25:01 Forging
24:52 Scale Mail Armor
24:16 Elite Skirmisher
24:19 Pikeman
25:00 Squires
25:56 Leather Archer Armor
30:17 Chain Mail Armor
30:38 Iron Casting
29:59 Bodkin Arrow
30:54 Hand Cart
33:39 Murder Holes
38:49 Imperial Age
40:13 Heavy Plow
40:43 Bow Saw
43:09 Guilds
44:36 Yeomen
45:24 Hoardings
46:25 Ballistics
47:06 Chemistry
46:13 Bracer
46:44 Ring Archer Armor
49:13 Warwolf
50:35 Arrowslits
51:02 Masonry
50:58 Siege Engineers
52:17 Blast Furnace
53:20 Architecture
52:35 Treadmill Crane
helenedu92
1:40 Loom
8:15 Double-Bit Axe
13:09 Wheelbarrow
16:42 Feudal Age
15:15 Horse Collar
23:16 Bow Saw
26:01 Hand Cart
27:06 Stone Mining
27:07 Gold Mining
28:43 Heavy Plow
32:42 Gold Shaft Mining
32:43 Stone Shaft Mining
31:56 Town Watch
36:57 Castle Age
35:08 Fletching
35:29 Forging
35:25 Scale Barding Armor
35:22 Scale Mail Armor
38:17 Squires
37:38 Pikeman
38:04 Arson
38:26 Town Patrol
39:29 Chain Mail Armor
39:34 Chain Barding Armor
39:50 Iron Casting
39:11 Bodkin Arrow
41:11 Fortified Wall
41:12 Masonry
40:58 Murder Holes
41:24 Ballistics
40:55 Guard Tower
40:46 Treadmill Crane
41:17 Burgundian Vineyards
42:09 Caravan
42:19 Guilds
43:39 Husbandry
46:28 Imperial Age
46:42 Imperial Age
45:25 Cavalier
49:57 Plate Barding Armor
50:24 Blast Furnace
49:55 Plate Mail Armor
49:26 Bracer
48:50 Halberdier
52:30 Chemistry
52:01 Architecture
52:08 Keep
51:19 Arrowslits
adilproya65
0:27 Loom
16:22 Feudal Age
16:49 Horse Collar
16:56 Double-Bit Axe
17:05 Gold Mining
17:07 Stone Mining
21:43 Castle Age
22:48 Bow Saw
22:40 Heavy Plow
28:14 Caravan
28:44 Coinage
29:30 Gold Shaft Mining
30:19 Forging
30:09 Scale Mail Armor
30:14 Scale Barding Armor
31:48 Wheelbarrow
30:58 Town Watch
36:34 Imperial Age
35:11 Ballistas
36:55 Elite Centurion
37:06 Sappers
37:58 Comitatenses
38:36 Crop Rotation
38:04 Fletching
38:14 Padded Archer Armor
38:53 Iron Casting
38:33 Chain Mail Armor
38:38 Chain Barding Armor
40:34 Heavy Scorpion
43:30 Pikeman
44:10 Squires
47:33 Elite Skirmisher
47:34 Heavy Cavalry Archer
Caligula
0:33 Loom
12:13 Feudal Age
13:16 Double-Bit Axe
14:21 Wheelbarrow
13:33 Town Watch
27:16 Castle Age
25:41 Stone Mining
25:41 Gold Mining
27:13 Scale Barding Armor
27:29 Forging
28:36 Husbandry
27:59 Light Cavalry
29:24 Bow Saw
30:45 Gold Shaft Mining
32:07 Hand Cart
33:29 Town Patrol
34:18 Murder Holes
34:35 Masonry
34:50 Pikeman
35:30 Squires
42:32 Imperial Age
41:10 Caravan
44:53 Chemistry
44:24 Architecture
43:20 Cavalier
44:15 Halberdier
50:25 Guard Tower
51:19 Paladin
[MIAAU] Gatúbelo Palestinian
9:04 Loom
13:07 Feudal Age
14:33 Wheelbarrow
13:48 Horse Collar
19:22 Castle Age
24:04 Stone Mining
24:04 Gold Mining
24:08 Double-Bit Axe
24:24 Heavy Plow
31:39 Hand Cart
31:52 Caravan
34:42 Imperial Age
34:26 Town Watch
35:06 Bow Saw
35:51 Gold Shaft Mining
37:58 Stone Shaft Mining
38:24 Two-Man Saw
37:56 Crop Rotation
40:28 Town Patrol
40:59 Guilds
41:12 Treadmill Crane
41:43 Fortified Wall
42:35 Chemistry
41:42 Siege Engineers
41:58 Ballistics
42:17 Masonry
42:19 Thunderclap Bombs
42:29 Conscription
42:48 Fervor
43:03 Sanctity
42:53 Fortified Bastions
42:17 Elite Iron Pagoda
44:39 Padded Archer Armor
44:46 Scale Barding Armor
44:32 Fletching
44:53 Forging
44:41 Murder Holes
44:49 Devotion
48:47 Leather Archer Armor
49:40 Heavy Scorpion
51:37 Heavy Rocket Cart
51:50 Pikeman
52:31 Squires
52:33 Scale Mail Armor
tobiii_69 CSGOSKINS
14:10 Feudal Age
15:36 Wheelbarrow
14:49 Horse Collar
15:09 Double-Bit Axe
24:36 Castle Age
26:50 Stone Mining
26:51 Gold Mining
28:57 Heavy Plow
30:07 Hand Cart
30:20 Bow Saw
31:38 Caravan
32:27 Bloodlines
32:25 Husbandry
32:06 Pikeman
34:12 Light Cavalry
36:35 Gold Shaft Mining
36:35 Stone Shaft Mining
41:36 Imperial Age
41:18 Loom
41:19 Town Watch
43:13 Coinage
43:47 Cavalier
45:41 Scale Barding Armor
45:38 Scale Mail Armor
45:50 Forging
45:33 Fletching
45:45 Padded Archer Armor
46:28 Man-at-Arms
47:55 Conscription
47:43 Town Patrol
48:50 Chain Barding Armor
48:46 Chain Mail Armor
49:08 Iron Casting
48:30 Bodkin Arrow
49:04 Chain Barding Armor
49:03 Chain Mail Armor
49:26 Iron Casting
51:12 Halberdier
51:13 Long Swordsman
51:22 Elite Battle Elephant
53:29 Banking
52:29 Hussar
52:39 Two-Handed Swordsman
53:31 Arson
PONI_PAI
0:36 Loom
8:02 Wheelbarrow
9:04 Double-Bit Axe
9:03 Horse Collar
13:17 Feudal Age
15:51 Hand Cart
17:15 Town Watch
18:57 Bow Saw
18:51 Heavy Plow
22:47 Caravan
24:53 Castle Age
23:54 Scale Barding Armor
24:00 Forging
28:08 Two-Man Saw
30:02 Crop Rotation
29:32 Gold Mining
29:54 Stone Mining
33:12 Chain Barding Armor
33:29 Iron Casting
34:14 Town Patrol
34:37 Fortified Wall
34:08 Treadmill Crane
35:45 Stone Shaft Mining
35:46 Gold Shaft Mining
37:36 Burgundian Vineyards
37:35 Fletching
37:45 Padded Archer Armor
40:43 Imperial Age
38:59 Arson
39:15 Squires
42:10 Cavalier
42:52 Husbandry
44:03 Paladin
45:23 Plate Barding Armor
45:49 Blast Furnace
46:37 Chemistry
45:59 Ballistics
53:42 Conscription
Connection lost

Rejoining the realm…

Still unreachable

The connection could not be restored.

Session expired

The server has moved on; the page needs a fresh start.